 Dungeon Crawl Stone Soup version 0.26.1-11-gd32895ea62 (webtiles) character file.

Game seed: 2967587519278970515

3938 MisterFreud the Grappler (level 10, -6/96 HPs)
             Began as a Troll Monk on May 4, 2021.
             Mangled by an orc knight
             ... wielding a cursed +0 war axe
              (19 damage)
             ... in a bailey.
             The game lasted 00:11:21 (5948 turns).

MisterFreud the Grappler (Troll Monk)               Turns: 5948, Time: 00:11:21

Health: -6/96      AC: 10    Str: 25    XL:     10   Next: 1%
Magic:  0/18       EV: 13    Int:  6    God:
Gold:   24         SH:  0    Dex: 15    Spells: 9/9 levels left

rFire    . . .     SeeInvis .     - Unarmed
rCold    . . .     Faith    .   (no shield)
rNeg     . . .     Spirit   +   c - +0 steam dragon scales
rPois    .         Reflect  .   (helmet restricted)
rElec    .         Harm     .   w - +0 cloak
rCorr    .         Rampage  .   (gloves unavailable)
Will     .....                  (boots unavailable)
Stlth    ++........             D - amulet of guardian spirit
HPRegen  0.66/turn              t - ring of magical power (curse)
MPRegen  0.16/turn              M - ring "Vaohab" {Wiz Str+4}

@: very slightly contaminated, invisible
A: large, unfitting armour, claws 3, regeneration 1, shaggy fur 1, tough skin 3
a: no special abilities


You were in a bailey.
You visited 2 branches of the dungeon, and saw 8 of its levels.
You also visited: Bailey.

You collected 508 gold pieces.
You spent 484 gold pieces at shops.

Inventory:

Missiles
 l - 18 poisoned darts
 n - 15 boomerangs
 y - a boomerang of dispersal
 C - 4 large rocks (quivered)
 K - 6 datura-tipped darts
Armour
 c - +0 steam dragon scales (worn)
 w - a +0 cloak (worn)
Jewellery
 t - a cursed ring of magical power (left claw)
 D - an amulet of guardian spirit (around neck)
 M - the ring "Vaohab" (right claw) {Wiz Str+4}
   (You found it on level 7 of the Dungeon)

   [ring of wizardry]

   It improves your spell success rate.
   It affects your strength (+4).
Wands
 m - a wand of flame (12)
 F - a wand of random effects (15)
 H - a wand of disintegration (15)
 I - a wand of acid (8)
Scrolls
 b - 2 scrolls of fog {unknown}
 d - 3 scrolls of remove curse {unknown}
 e - 2 scrolls of amnesia {unknown}
 f - 5 scrolls of random uselessness {unknown}
 g - 4 scrolls of teleportation {unknown}
 h - a scroll of fear {unknown}
 k - 5 scrolls of enchant armour {unknown}
 o - 6 scrolls of enchant weapon {unknown}
 s - 4 scrolls of blinking
 v - 2 scrolls of noise {unknown}
 B - 2 scrolls of magic mapping {unknown}
 G - 2 scrolls of holy word {unknown}
 L - a scroll of immolation {unknown}
Potions
 a - 2 potions of brilliance
 i - 2 potions of haste
 j - 3 potions of magic
 q - 2 potions of curing
 r - 2 potions of heal wounds
 u - 3 potions of degeneration
 x - a potion of flight
 z - 2 potions of cancellation
 A - 2 potions of might
 E - a potion of attraction
 J - 2 potions of resistance {unknown}


   Skills:
 - Level 5.0 Fighting
 + Level 7.1 Throwing
 + Level 5.2 Dodging
 - Level 1.0 Stealth
 + Level 9.7 Unarmed Combat
 * Level 1.2 Evocations


You had 9 spell levels left.
You didn't know any spells.
Your spell library contained the following spells:

 Spells                   Type           Power        Failure   Level
 Animate Skeleton         Necr           0%           21%         1
 Apportation              Tloc           0%           21%         1
 Corona                   Hex            0%           21%         1
 Summon Small Mammal      Summ           0%           21%         1


Dungeon Overview and Level Annotations

Branches:
Dungeon (7/15)             Temple (1/1) D:4          Bailey (1/1)

Altars:
Cheibriados
Dithmenos
Fedhas
Hepliaklqana
Kikubaaqudgha
Ru
Trog
Uskayaw
Vehumet
Wu Jian
Xom
Yredelemnul
Zin
The Shining One

Shops:
D:6 *   D:7 :[**

Annotations:
D:4 exclusion: moth of wrath


Innate Abilities, Weirdness & Mutations

You are too large for most types of armour.
You have claws for hands.
Your natural rate of healing is unusually fast.
You are covered in fur. (AC +1)
You have extremely tough skin. (AC +3)


Message History

The orc knight is moderately wounded.
The orc knight completely misses you.
The orc warlord hits you with a +0 bardiche!!!
You scratch the orc warlord but do no damage.
The orc warlord is heavily wounded.
The orc knight closely misses you.
You claw the orc warlord!
The orc warlord is severely wounded.
The orc hits you but does no damage.
The orc warlord hits you with a +0 bardiche.
You mangle the orc warlord!! You claw the orc warlord.
The orc warlord is almost dead.
The orc knight hits you with a cursed +0 war axe!!
* * * LOW HITPOINT WARNING * * *
You catch the helpless orc warlord completely off-guard!
You mangle the orc warlord!!
You kill the orc warlord!
The orc barely misses you.
The orc knight hits you with a cursed +0 war axe!!
You die...

###.....### ###...
##.........###.....
#..........)#).....
#..........))......
#.....⌠....)#.....⌠
#...........#......
#...........#...o.o ♣♣♣
###)o.......###.....
♣♣♣.♣♣♣♣
###.#@#.....###.###...
♣....).♣###....o###.###
.o.###.
♣♣....))##.........###
o..o ##
♣......)#...........#
...o. #
........)...........#
..g...#
♣..∩.∩..'.....⌠.....#
.o...oo
♣.......).).).......#
....og#
♣.......#...........#
g...o##
♣♣......##.........###
...o.##


You could see an orc knight and an orc.

Vanquished Creatures
  An orc warlord (Bailey)
  Grinder (D:5)
  Sigmund (D:3)
  3 steam dragons (D:6)
  Menkaure (D:7)
  10 orc warriors
  3 phantoms
  A sky beast (D:5)
  An ice beast (D:5)
  3 ogres (D:6)
  3 scorpions
  An electric eel (D:7)
  4 hounds
  A jelly (D:7)
  A bullfrog skeleton (D:7)
  2 centaur skeletons
  4 orc priests
  Crazy Yiuf (D:3)
  Natasha (D:3)
  3 iguanas
  5 orc wizards
  6 worker ants
  A hound zombie (D:6)
  Robin (D:3)
  20 gnolls
  8 adders
  An ooze (D:2)
  7 worms
  A dart slug (D:2)
  7 leopard geckos
  39 orcs
  A ball python (D:3)
  7 bats
  3 giant cockroaches
  31 goblins
  20 hobgoblins
  4 jackals (D:2)
  A quokka (D:2)
  A frilled lizard (D:2)
  3 kobolds
  A leopard gecko skeleton (D:5)
  A quokka skeleton (D:5)
  6 rats
221 creatures vanquished.

Vanquished Creatures (others)
  An orc (D:6)
1 creature vanquished.

Grand Total: 222 creatures vanquished

Notes
Turn   | Place    | Note
-------+----------+-------------------------------------------
     0 | D:1      | MisterFreud the Troll Monk began the quest for the Orb.
     0 | D:1      | Reached XP level 1. HP: 22/22 MP: 0/0
   115 | D:1      | Reached XP level 2. HP: 28/29 MP: 1/1
   370 | D:1      | Reached skill level 4 in Unarmed Combat
   440 | D:1      | Reached XP level 3. HP: 36/36 MP: 2/2
   910 | D:2      | Reached XP level 4. HP: 44/44 MP: 3/3
   924 | D:2      | Reached skill level 5 in Unarmed Combat
  1244 | D:3      | Noticed Sigmund
  1299 | D:3      | Reached XP level 5. HP: 42/50 MP: 4/4
  1306 | D:3      | Killed Sigmund
  1307 | D:3      | Reached skill level 6 in Unarmed Combat
  1307 | D:3      | Reached XP level 6. HP: 54/59 MP: 5/5
  1332 | D:3      | Reached skill level 7 in Unarmed Combat
  1627 | D:3      | Noticed Robin
  1652 | D:3      | Killed Robin
  1859 | D:3      | Found a runed translucent door.
  1860 | D:3      | Noticed Crazy Yiuf
  2147 | D:3      | Reached skill level 1 in Throwing
  2271 | D:3      | Found an ornate altar of the Wu Jian Council.
  2377 | D:3      | Noticed Natasha
  2379 | D:3      | Killed Natasha
  2436 | D:3      | Killed Crazy Yiuf
  2473 | D:4      | Found a staircase to the Ecumenical Temple.
  2492 | D:3      | Reached XP level 7. HP: 45/66 MP: 6/6
  2551 | Temple   | Entered the Ecumenical Temple
  2706 | D:4      | Reached skill level 8 in Unarmed Combat
  3009 | D:4      | Noticed a moth of wrath
  3030 | D:4      | Found a bloodstained altar of Trog.
  3323 | D:5      | Entered Level 5 of the Dungeon
  3518 | D:5      | Noticed Grinder
  3533 | D:5      | Reached skill level 5 in Throwing
  3533 | D:5      | Reached XP level 8. HP: 58/74 MP: 7/7
  3542 | D:5      | Paralysed by Grinder for 6 turns
  3552 | D:5      | Paralysed by Grinder for 4 turns
  3557 | D:5      | Killed Grinder
  4062 | D:6      | Found Lupack's General Store.
  4066 | D:6      | Reached skill level 5 in Fighting
  4149 | D:6      | Bought a scroll of identify for 26 gold pieces
  4149 | D:6      | Bought a scroll of identify for 26 gold pieces
  4394 | D:6      | Reached XP level 9. HP: 67/88 MP: 8/8
  4587 | D:6      | Found a glowing silver altar of Zin.
  4786 | D:6      | Found a shadowy altar of Dithmenos.
  4837 | D:6      | Reached skill level 9 in Unarmed Combat
  5004 | D:7      | Found Sunoll's Assorted Antiques.
  5010 | D:7      | Bought a scroll labelled NYJ HERATTI for 26 gold pieces
  5010 | D:7      | Bought a scroll labelled YMAANA TAEPAVY for 26 gold pieces
  5010 | D:7      | Bought a glass wand for 104 gold pieces
  5010 | D:7      | Bought 2 scrolls labelled VASIRPHO BOEG for 52 gold pieces
  5010 | D:7      | Bought a scroll of blinking for 195 gold pieces
  5097 | D:7      | Found Ihuywyt's Assorted Antiques.
  5099 | D:7      | Noticed Menkaure
  5105 | D:7      | Killed Menkaure
  5138 | D:7      | Bought a scroll labelled YMAANA TAEPAVY for 29 gold pieces
  5145 | D:7      | Found a blossoming altar of Fedhas.
  5172 | D:7      | Found Ziny's Antique Armour Boutique.
  5184 | D:7      | Got a faintly glowing wooden ring
  5185 | D:7      | Identified the ring "Vaohab" {Wiz Str+4} (You found it on
                  | level 7 of the Dungeon)
  5224 | D:7      | Found Rinkoluj's Book Emporium.
  5236 | D:7      | Found a flagged portal.
  5248 | Bailey   | Entered a bailey
  5478 | Bailey   | Reached skill level 5 in Dodging
  5785 | Bailey   | Reached skill level 1 in Evocations
  5888 | Bailey   | Noticed an orc warlord
  5888 | Bailey   | Noticed an orc knight
  5933 | Bailey   | Reached XP level 10. HP: 85/96 MP: 9/9
  5948 | Bailey   | Killed an orc warlord
  5948 | Bailey   | Mangled by an orc knight

Illustrated notes

Levels and vault maps discovered:
D:1:      beargit_arrival_greenhouse, layout_loops_ring
D:2:      layout_rooms, minmay_misc_feat_nine_boxes
D:3:      layout_basic, pdpol_wu_jian_five_deadly_venoms, serial_glass,
          glass_columns_a, glass_columns_b, uniq_robin, uniq_crazy_yiuf_cottage,
          uniq_sigmund, uniq_natasha
D:4:      layout_rooms, minmay_temple_entry_stoned_glass,
          cheibrodos_sewer_entry_bend, tgw_trog
D:5:      layout_loops_ring, uniq_grinder
D:6:      cheibrodos_steamvent, layout_cave_pools,
          nicolae_dithmenos_shadow_blocks, basic_altar, serial_shops,
          nicolae_shop_trees, minmay_door_square, minmay_crystal_room
D:7:      layout_basic, nicolae_overflow_crystal_walls, fedhas_ov_isle_minmay,
          serial_shops, nicolae_shop_trees, shop_fountains, shop, shop,
          enter_bailey_3, nicolae_lava_and_water, uniq_menkaure
Temple:   regret_index_temple_mists
Bailey:   bailey_axe_minmay_hex_keep, bailey

Skill      XL: |  1  2  3  4  5  6  7  8  9 |
---------------+----------------------------+-----
Unarmed Combat | 4 5 6 7 8 9 |  9.7
Throwing       | 2 5 7 |  7.1
Fighting       | 5 |  5.0
Dodging        | 3 5 |  5.2
Evocations     | 1 |  1.2
Stealth        | |  1.0

Action                   |  1- 3 |  4- 6 |  7- 9 | 10-12 || total
-------------------------+-------+-------+-------+-------++-------
Melee: Unarmed           |    54 |   131 |   364 |    15 ||   564
       Punch             |     2 |     2 |    15 |     2 ||    21
Throw: Large rock        |       |       |     4 |       ||     4
       Boomerang         |       |       |     2 |       ||     2
Evoke: Wand              |       |       |     2 |       ||     2
  Use: Scroll            |       |       |    12 |       ||    12
       Potion            |       |       |     1 |       ||     1
 Stab: Sleeping          |       |     2 |     5 |       ||     7
       Invisible         |       |       |       |     2 ||     2
Armor: Robe              |    21 |    45 |    39 |       ||   105
       Steam dragon scal |       |       |    58 |     2 ||    60
Dodge: Dodged            |    31 |    52 |   189 |     6 ||   278
